 Dungeon Crawl Stone Soup version 0.21-a0-2-ge494091 (webtiles) character file.

66423 nikopol the Fighter (level 15, -17/148 HPs)
             Began as a Gargoyle Berserker on May 21, 2017.
             Was a High Priest of Trog.
             Demolished by a tengu reaver
             ... wielding the +8 halberd of Seggosuf {flame, SInv}
              (21 damage)
             ... on level 12 of the Dungeon.
             The game lasted 01:20:31 (28618 turns).

nikopol the Fighter (Gargoyle Berserker)           Turns: 28618, Time: 01:20:32

Health: -17/148    AC: 33    Str: 27    XL:     15   Next: 19%
Magic:  15/15      EV: 15    Int:  8    God:    Trog [*****.]
Gold:   1211       SH:  3    Dex: 14    Spells: 14/14 levels left

rFire    . . .     SeeInvis +   a - +9 morningstar "Ykanikko" {crush, SInv}
rCold    . . .     Gourm    .   (no shield)
rNeg     + . .     Faith    .   W - +4 chain mail of Moral Flaws {SInv}
rPois    ∞         Spirit   .   F - +0 helmet
rElec    +         Reflect  +   s - +1 cloak
rCorr    .         Harm     .   K - +0 pair of gloves
MR       ++...                  (no boots)
Stlth    ..........             V - +3 amulet of reflection
Regen    0.4/turn               N - ring of protection from magic
MPRegen  0.2/turn               o - ring of stealth

@: berserking, very quick
A: big wings, negative energy resistance 1, electricity resistance, unbreathing,
petrification resistance, rot immunity, AC +11
a: Fly, Berserk, Trog's Hand, Brothers in Arms, Burn Spellbooks, Renounce
Religion


You were on level 12 of the Dungeon.
You worshipped Trog.
Trog was extremely pleased with you.
You were hungry.

You visited 2 branches of the dungeon, and saw 18 of its levels.
You also visited: Sewer.

You collected 1211 gold pieces.

Inventory:

Hand Weapons
 a - the +9 morningstar "Ykanikko" (weapon) {crush, SInv}
   (You found it on level 3 of the Lair of Beasts)

   It inflicts extra damage upon your enemies.
   It lets you see invisible.
 n - a +2 broad axe of electrocution
 z - a +2 shortbow of flaming
 H - a +2 antimagic great mace
Missiles
 j - 174 arrows (quivered)
Armour
 k - a +0 cloak of invisibility
 s - a +1 cloak (worn)
 F - a +0 helmet (worn)
 K - a +0 pair of gloves (worn)
 W - the +4 chain mail of Moral Flaws (worn) {SInv}
   (You found it on level 3 of the Lair of Beasts)

   It lets you see invisible.
 X - a +1 chain mail of fire resistance
Jewellery
 d - an uncursed ring of positive energy {unknown}
 o - a ring of stealth (right hand)
 M - the ring "Kuevof" {rN+ Int+2 Dex+4 SInv, unknown}
   (You took it off a frost giant on level 12 of the Dungeon)

   [ring of positive energy]

   It affects your intelligence (+2).
   It affects your dexterity (+4).
   It protects you from negative energy.
   It lets you see invisible.
 N - a ring of protection from magic (left hand)
 V - a +3 amulet of reflection (around neck)
 Y - an uncursed ring of poison resistance {unknown}
Wands
 e - a wand of disintegration (7/24)
 p - a wand of digging (19/24)
 x - a wand of paralysis (6/24)
 T - a wand of enslavement (6/24)
Scrolls
 h - 10 scrolls of remove curse
 r - 3 scrolls of enchant armour
 y - 3 scrolls of enchant weapon
 A - a scroll of fear
 C - a scroll of identify
 D - 10 scrolls of teleportation
 I - a scroll of random uselessness {unknown}
 J - a scroll of fog
 P - 2 scrolls of blinking
 R - 2 scrolls of recharging
Potions
 b - 3 potions of ambrosia {unknown}
 f - 8 potions of brilliance
 g - 5 potions of curing
 m - 4 potions of agility
 q - 2 potions of flight
 t - 3 potions of might
 u - 2 potions of cancellation {unknown}
 v - 2 potions of berserk rage {unknown}
 B - 2 potions of magic {unknown}
 E - a potion of haste {unknown}
 G - 3 potions of heal wounds {unknown}
 L - a potion of degeneration {unknown}
Comestibles
 c - 17 bread rations
 i - 8 meat rations
 l - 7 chunks of flesh
 w - 11 fruits
 O - a royal jelly


   Skills:
 + Level 13.3 Fighting
 - Level 10.7(11.5) Axes
 * Level 7.8(10.7) Maces & Flails
 * Level 9.4 Bows
 + Level 13.3 Armour
 + Level 10.3 Dodging


You had 14 spell levels left.
You didn't know any spells.

Dungeon Overview and Level Annotations

Branches:
Dungeon (12/15)            Temple (0/1) D:5            Lair (6/6) D:9
 Shoals (0/4) Lair:2        Snake (0/4) Lair:4        Slime (0/5) Lair:5
    Orc (0/2) D:12

Altars:
Ashenzari
Cheibriados
Elyvilon
Gozag
Kikubaaqudgha
Trog
Beogh

Shops:
D:4 (   D:6 (   D:9 }


Innate Abilities, Weirdness & Mutations

You are resistant to torment.
Your stone body is resilient. (AC +11)
You are immune to poison.
Your large and strong wings let you fly indefinitely.
You resist negative energy. (rN+)
You are resistant to electric shocks. (rElec)
You can survive without breathing.
You are immune to petrification.
You are immune to rotting.


Message History

You shoot an arrow. The arrow hits the tengu reaver.
The arrow burns the tengu reaver.
The tengu reaver is lightly wounded.
The tengu reaver points at you and mumbles some strange words.
The fireball explodes!
The fireball engulfs you!
You hear an angry buzzing noise.
You are too injured to fight recklessly!
Wield which item (- for none, * to show all)? (? for menu, Esc to quit)
Your +2 shortbow of flaming stops flaming.
a - the +9 morningstar "Ykanikko" (weapon)
{crush, SInv} The tengu reaver hits you from afar with a crude halberd {flame}!!
* * * LOW HITPOINT WARNING * * *
The tengu reaver burns you.
* * * LOW HITPOINT WARNING * * *
Found a bread ration.
A red film seems to cover your vision as you go berserk!
You feel yourself moving faster!
You feel mighty!
You are feeling hungry.
The tengu reaver hits you with a crude halberd {flame}!!
You die...

............##.#.#..####..#..####
#####.......##.#.#.#..###..####..
#####.......##.#.#.#.#))#######'#
..##.....##.##.#.#.#†.##.##..#...
#......#....##.#.#..#####..#.#...
##...######.##.#..####..####.##'#
##.......##.##..####..# ##...#
#...####..<.#.####.(# ##### ..#.#
####.#.##@Q#
###)#######.##.†##..#
##..##......####..##..#
##.....####.# ##..##.%
..)########.# #..## .....>......#
#. ## #.....).....# ###.
............# ###...
............# ###...##


You could see a tengu reaver.

Vanquished Creatures
  A frost giant (D:12)
  An ettin (D:12)
  A fire dragon (Lair:6)
  Snorg (Lair:4)
  An ogre mage (D:12)
  Harold (Lair:1)
  The ghost of Wiebster667 the Frost Mage, a journeyman HuIE of Vehumet (D:10)
  7 hydras
  2 two-headed ogres
  A centaur warrior (D:12)
  A death knight (D:11)
  A deep troll earth mage (D:12)
  Urug (Lair:4)
  The ghost of anet the Jinx, a journeyman DEWz of Ashenzari (D:11)
  Nergalle (Lair:4)
  An unseen horror (D:11)
  3 skeletal warriors
  A lindwurm (Lair:6)
  2 phantasmal warriors
  Pikel (D:5)
  A cyclops (D:12)
  2 ugly things
  A manticore (D:12)
  21 elephants
  5 black mambas
  2 merfolk sirens (Lair:2)
  Maurice (D:8)
  Joseph (D:8)
  13 spiny frogs
  2 molten gargoyles (Lair:6)
  A kobold demonologist (D:12)
  2 torpor snails
  9 komodo dragons
  A rime drake (Lair:4)
  A freezing wraith (D:11)
  2 merfolk (Lair:2)
  3 polar bears (Lair:6)
  3 trolls
  Prince Ribbit (D:9)
  5 dream sheep
  16 blink frogs
  12 hippogriffs
  A vampire (D:9)
  A shadow (D:12)
  7 wyverns
  A wraith (D:11)
  37 yaks
  6 basilisks
  4 steam dragons
  3 nagas (Lair:4)
  A vampire mosquito (D:12)
  An acid dragon (D:12)
  12 water moccasins
  7 porcupines
  4 hell hounds (Lair:6)
  4 ice beasts
  An eye of draining (D:11)
  4 orc warriors
  2 phantoms
  3 slaves (D:5)
  2 black bears
  7 ogres
  A necrophage (D:9)
  5 sky beasts
  A centaur (D:11)
  11 crocodiles
  8 big kobolds (Sewer)
  13 bullfrogs
  3 scorpions
  A water moccasin skeleton (D:5)
  12 killer bees
  4 wights (D:7)
  A vampire bat (Lair:3)
  5 howler monkeys
  5 lava snakes (Lair:6)
  8 crimson imps
  A quasit (D:6)
  5 jellies
  5 bullfrog zombies
  3 centaur skeletons
  2 centaur zombies
  A jelly (shapeshifter) (D:12)
  6 orc priests
  3 bullfrog skeletons
  7 hounds
  10 orc wizards
  5 iguanas
  Ijyb (D:3)
  Natasha (thrice) (D:3)
  7 worker ants
  3 hound zombies
  A hound skeleton (D:5)
  A howler monkey zombie (D:6)
  14 adders
  4 gnolls (D:10)
  2 river rats
  A shadow imp (D:10)
  4 oozes
  2 adder skeletons
  An adder zombie (D:8)
  5 worms
  2 dart slugs (D:1)
  6 leopard geckos
  24 orcs
  10 bats
  6 giant cockroaches
  5 goblins
  11 hobgoblins
  26 jackals
  9 quokkas
  6 ball pythons
  4 frilled lizards
  14 kobolds
  A quokka zombie (D:5)
  12 rats
  8 fungi
562 creatures vanquished.

Vanquished Creatures (others)
  A black bear (D:8)
  An adder (D:10)
  3 gnolls (D:5)
  A quokka (D:2)
  A leopard gecko skeleton (D:5)
  10 fungi
  5 plants
22 creatures vanquished.

Grand Total: 584 creatures vanquished

Notes
Turn   | Place    | Note
-------+----------+-------------------------------------------
     0 | D:1      | nikopol the Gargoyle Berserker began the quest for the Orb.
     0 | D:1      | Reached XP level 1. HP: 14/14 MP: 1/1
   274 | D:1      | Reached XP level 2. HP: 19/19 MP: 2/2
   655 | D:1      | Reached XP level 3. HP: 19/23 MP: 3/3
   870 | D:1      | Reached ** piety under Trog
  1422 | D:2      | Reached XP level 4. HP: 21/29 MP: 4/4
  1809 | D:2      | Found a white marble altar of Elyvilon.
  2082 | D:3      | Noticed Natasha
  2122 | D:3      | Killed Natasha
  2122 | D:3      | Reached XP level 5. HP: 22/33 MP: 5/5
  2234 | D:3      | Noticed Natasha
  2247 | D:3      | Killed Natasha
  2536 | D:3      | Reached *** piety under Trog
  2677 | D:3      | Noticed Ijyb
  2688 | D:3      | Paralysed by Ijyb for 2 turns
  2701 | D:3      | Killed Ijyb
  2740 | D:3      | Reached XP level 6. HP: 39/39 MP: 6/6
  2776 | D:3      | Noticed Natasha
  2789 | D:3      | Killed Natasha
  3454 | D:4      | Found a glowing drain.
  3475 | Sewer    | Entered a sewer
  3514 | Sewer    | Reached skill level 5 in Fighting
  3647 | Sewer    | Reached XP level 7. HP: 41/44 MP: 7/7
  3833 | Sewer    | Reached skill level 5 in Armour
  3899 | Sewer    | Reached **** piety under Trog
  4135 | Sewer    | Reached skill level 5 in Axes
  4135 | Sewer    | Reached XP level 8. HP: 45/51 MP: 8/8
  4422 | D:4      | Found Nyaqaumn's Weapon Emporium.
  4893 | D:5      | Entered Level 5 of the Dungeon
  5162 | D:5      | Found a staircase to the Ecumenical Temple.
  5350 | D:5      | Noticed Pikel
  5369 | D:5      | Killed Pikel
  5369 | D:5      | Reached XP level 9. HP: 32/56 MP: 9/9
  5630 | D:5      | Found an ancient bone altar of Kikubaaqudgha.
  6406 | D:6      | Reached skill level 5 in Dodging
  6526 | D:6      | Found Dibegeiz's Weapon Shoppe.
  7059 | D:7      | Found an opulent altar of Gozag.
  7451 | D:7      | Received a gift from Trog
  8181 | D:8      | Reached XP level 10. HP: 34/64 MP: 10/10
  8431 | D:8      | Noticed Joseph
  8444 | D:8      | Noticed Maurice
  8465 | D:8      | Killed Joseph
  8660 | D:8      | Killed Maurice
  8660 | D:8      | Received a gift from Trog
  8777 | D:8      | Found a bloodstained altar of Trog.
  9398 | D:9      | Found a staircase to the Lair.
  9605 | D:9      | You fall through a shaft!
  9605 | D:10     | Entered Level 10 of the Dungeon
  9794 | D:10     | Noticed a brown ugly thing
  9810 | D:10     | Killed a brown ugly thing
  9911 | D:10     | Noticed Wiebster667's ghost (journeyman HuIE)
 10119 | D:9      | Reached ***** piety under Trog
 10169 | D:9      | Noticed Prince Ribbit
 10318 | D:9      | Noticed a two-headed ogre
 10330 | D:9      | Killed a two-headed ogre
 10330 | D:9      | Reached XP level 11. HP: 71/71 MP: 11/11
 10331 | D:9      | Received a gift from Trog
 10628 | D:9      | Found Ybrutzus's Gadget Shop.
 10916 | D:9      | Killed Prince Ribbit
 11041 | Lair:1   | Entered Level 1 of the Lair of Beasts
 11061 | Lair:1   | Noticed Harold
 11083 | Lair:1   | Killed Harold
 11083 | Lair:1   | Reached skill level 10 in Armour
 11467 | D:9      | HP: 3/72 [blink frog (4)]
 11479 | D:9      | HP: 2/72 [blink frog (2)]
 11480 | D:9      | Reached skill level 10 in Fighting
 12699 | Lair:1   | Noticed an eight-headed hydra
 12708 | Lair:1   | Killed an eight-headed hydra
 13272 | Lair:2   | Noticed a five-headed hydra
 13284 | Lair:2   | Killed a five-headed hydra
 13900 | Lair:2   | Reached XP level 12. HP: 33/79 MP: 12/12
 14540 | Lair:2   | Found a staircase to the Shoals.
 16405 | D:11     | Noticed anet's ghost (journeyman DEWz)
 16676 | D:10     | Killed Wiebster667's ghost
 16965 | D:11     | Reached skill level 10 in Axes
 16967 | D:11     | Killed anet's ghost
 16973 | D:11     | Noticed a death knight
 17107 | D:11     | Noticed a two-headed ogre
 17120 | D:11     | Killed a two-headed ogre
 17323 | Lair:3   | Reached skill level 1 in Bows
 18040 | Lair:3   | Reached XP level 13. HP: 85/85 MP: 13/13
 18248 | Lair:3   | Got a shimmering morningstar
 18255 | Lair:3   | Got a jewelled chain mail
 18574 | Lair:3   | Identified the +9 morningstar "Ykanikko" {crush, SInv} (You found it on level 3 of the Lair of Beasts)
 18587 | Lair:3   | Identified the +4 chain mail of Moral Flaws {SInv} (You found it on level 3 of the Lair of Beasts)
 18891 | Lair:3   | Received a gift from Trog
 18891 | Lair:3   | Reached skill level 1 in Maces & Flails
 19233 | Lair:4   | Noticed Nergalle
 19252 | Lair:4   | Killed Nergalle
 19357 | Lair:4   | Noticed Snorg
 19369 | Lair:4   | Killed Snorg
 19415 | Lair:4   | Noticed Urug
 19438 | Lair:4   | Killed Urug
 19975 | Lair:4   | Found a staircase to the Snake Pit.
 20772 | Lair:5   | Found a snail-covered altar of Cheibriados.
 20825 | Lair:5   | Found a staircase to the Slime Pits.
 20834 | Lair:5   | Reached skill level 5 in Bows
 20883 | Lair:5   | Identified the Papyrus of Ice and the Rocks
 22042 | Lair:6   | Entered Level 6 of the Lair of Beasts
 22156 | Lair:6   | Gained mutation: Your large and strong wings let you fly indefinitely. [Gargoyle growth]
 22156 | Lair:6   | Reached XP level 14. HP: 86/92 MP: 14/14
 22214 | Lair:6   | Reached skill level 5 in Maces & Flails
 22227 | Lair:6   | Received a gift from Trog
 22945 | Lair:6   | Found a large runed door.
 22987 | Lair:6   | Received a gift from Trog
 23667 | Lair:6   | Found a large runed door.
 24660 | Lair:6   | Reached skill level 10 in Dodging
 26606 | D:11     | Received a gift from Trog
 26619 | D:11     | Found a shattered altar of Ashenzari.
 26799 | D:12     | Found a staircase to the Orcish Mines.
 26841 | D:12     | Found a roughly hewn altar of Beogh.
 27395 | D:12     | Found a runed door.
 27397 | D:12     | Found a runed door.
 27494 | D:12     | Reached XP level 15. HP: 92/99 MP: 15/15
 27567 | D:12     | Received a gift from Trog
 28028 | D:12     | Noticed a frost giant
 28044 | D:12     | Noticed a storm dragon
 28050 | D:12     | Killed a frost giant
 28564 | D:12     | Got a glittering marble ring
 28609 | D:12     | Noticed a tengu reaver
 28616 | D:12     | HP: 2/99 [tengu reaver/crude halberd {flame} (5)]
 28618 | D:12     | Identified the +8 halberd of Seggosuf {flame, SInv}
 28618 | D:12     | Demolished by a tengu reaver

Vault maps used:
D:1:      minmay_arrival_floating_metal
D:2:      elyvilon_altar_4
D:3:      cheibrodos_helix_gallery, kennysheep_nub, uniq_ijyb, uniq_natasha
D:4:      serial_shops, shop, first_bread, portal_sewer_entry_a
D:5:      nicolae_overflow_hidden_temple, minmay_temple_entry_junction_2,
          minivault_1, uniq_pikel
D:6:      serial_shops, kennysheep_little_box
D:7:      grunt_ogre_cave, nicolae_gozag_cash_rules_everything_around_me
D:8:      trog_book, uniq_maurice, uniq_joseph
D:9:      lair_entry_dummy, serial_shops, shop, onia_ninara_cookie,
          uniq_prince_ribbit1
D:10:     lemuel_ice_spiral_2
D:11:     hex_large, kennysheep_small_circle
D:12:     minmay_orc_entry_temple_small,
          minmay_the_grid_triangle_9x9_rhombus_full
Lair:1:   uniq_harold
Lair:2:   elwin_shoals_entry_stream, serial_bayou_shore_b,
          infiniplex_staircase_pool
Lair:3:   roderic_batcave, beast_lair_carwin_7, lemuel_fruit_tree
Lair:4:   minmay_snake_entry_guardpost_large, uniq_snorg, uniq_nergalle,
          uniq_urug
Lair:5:   nicolae_slime_entry_slimehenge, kennysheep_snail_temple
Lair:6:   cheibrodos_lair_end_hotspot, enter_volcano_4, serial_bayou_crossing
Sewer:    sewer_co_tree

Skill      XL: |  1  2  3  4  5  6  7  8  9 10 11 12 13 14 15 |
---------------+----------------------------------------------+-----
Axes           | 3 4 5 6 8 9 10 | 10.7
Fighting       | 4 5 6 8 9 10 11 12 13 | 13.3
Armour         | 3 4 5 6 8 9 10 11 12 13 | 13.3
Dodging        | 2 3 4 5 7 8 9 10 | 10.3
Bows           | 3 6 8 9 |  9.4
Maces & Flails | 4 7 |  7.8

Action                   |  1- 3 |  4- 6 |  7- 9 | 10-12 | 13-15 || total
-------------------------+-------+-------+-------+-------+-------++-------
Melee: Hand axe          |   117 |   275 |   580 |  1006 |    54 ||  2032
       Great mace        |       |       |       |    30 |       ||    30
       Morningstar       |       |       |       |       |   716 ||   716
 Fire: Shortbow          |       |       |       |    27 |   368 ||   395
Invok: Berserk           |     1 |     1 |     6 |    17 |     8 ||    33
       Burn Spellbooks   |       |       |       |     3 |     2 ||     5
       Trog's Hand       |       |       |       |     1 |       ||     1
 Abil: Evoke Flight      |       |       |     1 |       |       ||     1
       Fly               |       |       |       |       |     1 ||     1
       Stop Flying       |       |       |       |       |     1 ||     1
  Use: Scroll            |     2 |     6 |     3 |     1 |    16 ||    28
       Potion            |       |       |       |       |     1 ||     1
 Stab: Confused          |       |       |       |     1 |       ||     1
  Eat: Chunk             |     1 |    10 |    18 |    27 |    36 ||    92
       Royal jelly       |       |       |     2 |     1 |     3 ||     6
       Fruit             |       |       |       |    11 |       ||    11
       Bread ration      |       |       |       |     1 |       ||     1
       Meat ration       |       |       |       |     1 |       ||     1
Armor: Animal skin       |     4 |       |       |       |       ||     4
       Ring mail         |    37 |       |       |       |       ||    37
       Scale mail        |     3 |   163 |   311 |   443 |    48 ||   968
       Chain mail        |       |       |       |       |   591 ||   591
Dodge: Dodged            |    78 |   160 |   366 |   691 |   620 ||  1915
Block: Other             |       |       |       |       |   111 ||   111
